 Seeded DCSS version 0.30.1-11-g7821555f0a (webtiles) character file.

Game seed: 5129858224507802926 (custom seed)

1249 Psyclone the Destroyer (level 8, 41/41 HPs)
             Began as a Deep Elf Conjurer on Nov 8, 2023.
             Quit the game on level 5 of the Dungeon.
             The game lasted 00:04:55 (2547 turns).

Psyclone the Destroyer (Deep Elf Conjurer)          Turns: 2547, Time: 00:04:55

Health: 41/41      AC:  5    Str:  3    XL:     8   Next: 26%
Magic:  15/22      EV: 12    Int: 30    God:
Gold:   131        SH:  0    Dex: 12    Spells: 20/23 levels left

rFire   + . .        (no weapon)
rCold   . . .        (no shield)
rNeg    . . .        a - +0 robe
rPois   .            (helmet restricted)
rElec   .            (no cloak)
rCorr   .            (no gloves)
SInv    .            k - +0 pair of boots
Will    .....        (no amulet)
Stlth   ++           (no ring)
HPRegen 0.26/turn    (no ring)
MPRegen 0.18/turn

%: clarity
@: no status effects
A: horns 1, iridescent scales 1, clarity, clever 1, fire resistance 1, inability
to read after injury 1, sturdy frame 1
a: no special abilities


You were on level 5 of the Dungeon.
You visited 1 branch of the dungeon, and saw 5 of its levels.

You collected 131 gold pieces.

Inventory:

Armour
 a - a +0 robe (worn)
 k - a +0 pair of boots (worn)
Scrolls
 d - a scroll of amnesia {unknown}
 e - a scroll of magic mapping {unknown}
 f - 4 scrolls of fear {unknown}
 h - a scroll of poison {unknown}
 i - 2 scrolls of identify {unknown}
Potions
 b - a potion of magic
 c - 2 potions of mutation
 g - a potion of flight {unknown}
 j - a potion of berserk rage {unknown}
 l - a potion of haste {unknown}


   Skills:
 - Level 2.4 Dodging
 - Level 2.4 Stealth
 + Level 8.1 Spellcasting
 * Level 10.0 Conjurations


You had 20 spell levels left.
You knew the following spells:

 Your Spells              Type           Power      Damage    Failure   Level
a - Magic Dart            Conj           100%       1d8       1%          1
b - Searing Ray           Conj           100%       2d8       1%          2

Your spell library contained the following spells:

 Spells                   Type           Power      Damage    Failure   Level
 Dazzling Flash           Conj/Hex       84%        N/A       1%          3
 Fulminant Prism          Conj/Hex       21%        3d12      5%          4
 Iskenderun's Mystic Bla  Conj/Tloc      42%        2d10      5%          4


Dungeon Overview and Level Annotations

Branches:
Dungeon (5/15) Zot: 25790  Temple (0/1) D:4

Altars:
Cheibriados
Elyvilon

Shops:
D:2 =![

Annotations:
D:5 5 runed translucent doors


Innate Abilities, Weirdness & Mutations

You have a pair of small horns on your head.
You are partially covered in iridescent scales. (AC +2)
You possess an exceptional clarity of mind.
Your mind is acute. (Int +4, Str/Dex -1)
Your flesh is heat resistant. (rF+)
You occasionally lose the ability to read scrolls when taking damage.
Your movements are slightly less encumbered by armour. (ER -2)


Message History

The searing ray hits the hound.
The hound is severely wounded.
The searing ray hits the black bear.
The black bear is heavily wounded.
The hound bites you but does no damage. The hound bites you.
You take 1 damage, and have 40/41 hp.
You now have 17/21 mp.
The searing ray hits the hound.
You kill the hound!
The searing ray hits the black bear!
You kill the black bear!
You finish channelling your searing ray.
Your Spellcasting skill increases to level 8!
Health restored: 41 You now have 16/22 mp.
Casting: Searing Ray (safe; 1% risk of failure)
Confirm with . or Enter, or press ? or * to list all spells.
Aiming: Searing Ray (safe; 1% risk of failure)
Press: ? - help, Shift-Dir - straight line, f - iguana
Aim: an iguana (85% to hit)
The searing ray hits the iguana.
The iguana is lightly wounded. (Press . to maintain the ray.)
You now have 14/22 mp.
The searing ray hits the iguana!
The iguana is severely wounded.
The iguana closely misses you.
The searing ray hits the iguana!
You kill the iguana!
Your Conjurations skill increases to level 10!
You now have 13/22 mp.
You start resting.
You feel a genetic drift.
You feel resistant to heat.
You no longer feel a hidden potential within.
You regained 2 mp, and now have 15/22 mp.
Casting: Searing Ray (safe; 1% risk of failure)
Confirm with . or Enter, or press ? or * to list all spells.
You don't know that spell.
Unknown command.
Are you sure you want to abandon this character and quit the game? (Confirm with "yes".)

# #...# #.#
# +.8.###.#
# #...#...#
# +
#...#..## #
#. #
+.8.'.## #
..#.#...###
# .†#...# #
#†.8.# #
#@..# ##
##### .# .#
.# .# .# ##


There were no monsters in sight!

Vanquished Creatures
  Eustachio (D:4)
  A water moccasin (D:5)
  A black bear (D:5)
  3 ogres (D:5)
  4 scorpions (D:5)
  3 orc priests
  2 hounds (D:5)
  2 iguanas
  2 orc wizards
  7 gnolls
  4 adders
  2 ufetubi (D:5)
  A worm (D:2)
  2 dart slugs
  10 orcs
  A bat (D:2)
  4 endoplasms
  5 goblins
  4 hobgoblins
  A quokka (D:2)
  3 ball pythons
  2 kobolds
  A rat (D:1)
66 creatures vanquished.

Notes
Turn   | Place    | Note
-------+----------+-------------------------------------------
     0 | D:1      | Psyclone the Deep Elf Conjurer began the quest for the Orb.
     0 | D:1      | Reached XP level 1. HP: 10/10 MP: 6/6
    80 | D:2      | Found Zutuxkoi's Jewellery Shop.
    83 | D:2      | Reached XP level 2. HP: 15/15 MP: 4/8
   100 | D:2      | Learned a level 2 spell: Searing Ray
   149 | D:2      | Gained mutation: You possess an exceptional clarity of
                  | mind. [potion of mutation]
   149 | D:2      | Gained mutation: Your movements are slightly less
                  | encumbered by armour. (ER -2) [potion of mutation]
   149 | D:2      | Gained mutation: You have hidden genetic potential. [potion
                  | of mutation]
   287 | D:2      | Found Tatheism's Distillery.
   295 | D:2      | Reached skill level 5 in Conjurations
   345 | D:2      | Found Xoolosaxt's Antique Armour Shop.
   438 | D:2      | Reached XP level 3. HP: 19/19 MP: 6/10
   451 | D:2      | Gained mutation: You are robust. (+10% HP) [hidden
                  | potential]
   621 | D:3      | Reached XP level 4. HP: 7/26 MP: 7/12
   622 | D:3      | Reached skill level 6 in Conjurations
   634 | D:3      | Gained mutation: You have great hidden genetic potential.
                  | [hidden potential]
   634 | D:3      | Lost mutation: You have great hidden genetic potential.
                  | [hidden potential expressed]
   811 | D:4      | Reached XP level 5. HP: 16/30 MP: 8/14
   813 | D:4      | Reached skill level 5 in Spellcasting
   823 | D:4      | Gained mutation: Your mind is acute. (Int +4, Str/Dex -1)
                  | [hidden potential]
   895 | D:4      | Noticed Eustachio
   910 | D:4      | Killed Eustachio
   911 | D:4      | Reached skill level 7 in Conjurations
   911 | D:4      | Reached XP level 6. HP: 33/35 MP: 5/16
   913 | D:4      | Gained mutation: Your mind is very acute. (Int +8, Str/Dex
                  | -2) [hidden potential]
   913 | D:4      | Lost mutation: You have hidden genetic potential. [hidden
                  | potential expressed]
   941 | D:4      | Lost mutation: You possess an exceptional clarity of mind.
                  | [potion of mutation]
   941 | D:4      | Lost mutation: Your mind is very acute. (Int +8, Str/Dex
                  | -2) [potion of mutation]
   941 | D:4      | Lost mutation: You are robust. (+10% HP) [potion of
                  | mutation]
   941 | D:4      | Gained mutation: You occasionally lose the ability to read
                  | scrolls when taking damage. [potion of mutation]
   941 | D:4      | Gained mutation: You are partially covered in iridescent
                  | scales. (AC +2) [potion of mutation]
   941 | D:4      | Gained mutation: You possess an exceptional clarity of
                  | mind. [potion of mutation]
   941 | D:4      | Gained mutation: You have hidden genetic potential. [potion
                  | of mutation]
  1137 | D:4      | Found a white marble altar of Elyvilon.
  1164 | D:4      | Found a staircase to the Ecumenical Temple.
  1337 | D:5      | Entered Level 5 of the Dungeon
  1464 | D:5      | Reached skill level 8 in Conjurations
  1464 | D:5      | Reached XP level 7. HP: 36/36 MP: 12/18
  1511 | D:5      | Gained mutation: You have a pair of small horns on your
                  | head. [hidden potential]
  1685 | D:5      | Found the +9 staff of Olgreb {rPois∞}
  1699 | D:5      | Reached skill level 9 in Conjurations
  1866 | D:5      | Found a runed translucent door.
  1874 | D:5      | Found a runed translucent gate.
  1874 | D:5      | Found a runed translucent gate.
  1908 | D:5      | Found a runed translucent door.
  1915 | D:5      | Noticed a redback
  1915 | D:5      | Noticed a redback
  1916 | D:5      | Found a runed translucent gate.
  1916 | D:5      | Noticed a redback
  2172 | D:5      | Reached XP level 8. HP: 28/41 MP: 12/21
  2308 | D:5      | Found a snail-covered altar of Cheibriados.
  2534 | D:5      | Reached skill level 10 in Conjurations
  2546 | D:5      | Gained mutation: Your flesh is heat resistant. (rF+)
                  | [hidden potential]
  2546 | D:5      | Lost mutation: You have hidden genetic potential. [hidden
                  | potential expressed]
  2547 | D:5      | Quit the game

Illustrated notes

Levels and vault maps discovered:
D:1:      saegor_arrival_simple_c, layout_rooms, serial_shops, shop,
          kennysheep_nondescript, minmay_misc_feat_ornament
D:2:      layout_basic, serial_shops, nicolae_shop_tiny_statue_garden,
          nicolae_shop_scrapyard, shop, shop
D:3:      layout_loops_ring
D:4:      layout_rooms, elyvilon_altar_1, minmay_temple_entry_trees,
          uniq_eustachio
D:5:      minmay_chambers_of_threes, layout_loops_ring,
          mainiacjoe_overflow_small_starburst,
          minmay_guarded_unrand_staff_of_olgreb

Skill      XL: |  1  2  3  4  5  6  7  8 |
---------------+-------------------------+-----
Conjurations   | 5 6 7 8 9 10 | 10.0
Spellcasting   | 4 5 6 7 8 |  8.1
Dodging        | |  2.4
Stealth        | |  2.4

Action                     |  1- 3 |  4- 6 |  7- 9 || total
---------------------------+-------+-------+-------++-------
  Melee: Unarmed           |       |     1 |     9 ||    10
         Headbutt          |       |       |     1 ||     1
   Cast: Magic Dart        |    16 |     9 |     5 ||    30
         Searing Ray       |     9 |    20 |    16 ||    45
    Use: Potion            |     1 |     1 |       ||     2
 Armour: Robe              |       |     1 |     9 ||    10
  Dodge: Dodged            |     1 |     5 |    23 ||    29
